BSA
SPRINGFIELD STARS @ BAFFIN ISLAND BEAVERS
05/01/2027
 
TOP OF THE 1ST
Springfield Stars batting - Pitching for Baffin Island Beavers : RHP Robert Reeves
Pitching: RHP Robert Reeves
Batting: RHB Calvin Bennett 0-0: Called Strike
0-1: Ball
1-1: Swinging Strike
1-2: Ball
2-2: Ground out 6-3 (Groundball, 6D)
Batting: RHB Juan Rodríguez 0-0: Called Strike
0-1: Swinging Strike
0-2: Ball
1-2: Strikes out swinging
Batting: LHB Derek Davidson 0-0: Foul Ball, location: 2F
0-1: Called Strike
0-2: Ball
1-2: Strikes out swinging
Top of the 1st over - 0 run(s), 0 hit(s), 0 error(s), 0 left on base; Springfield 0 - Baffin Island 0
BOTTOM OF THE 1ST
Baffin Island Beavers batting - Pitching for Springfield Stars : LHP Brock Morris
Pitching: LHP Brock Morris
Batting: LHB Chris Bates 0-0: Called Strike
0-1: Ball
1-1: Ball
2-1: Foul Ball, location: 2F
2-2: Foul Ball, location: 2F
2-2: Foul Ball, location: 2F
2-2: Foul Ball, location: 2F
2-2: DOUBLE (Flyball, 7LM)
Batting: SHB Alonso Ferreira 0-0: Called Strike
0-1: Ball
1-1: Swinging Strike
1-2: Ball
2-2: Ball
3-2: Ground out 4-3 (Groundball, 4M)
Chris Bates to third
Batting: LHB Javier Orozco 0-0: Fly out, F6 (Popup, 6MD)
Batting: RHB Dave Craig 0-0: Fly out, F9 (Flyball, 9LSF)
Bottom of the 1st over - 0 run(s), 1 hit(s), 0 error(s), 1 left on base; Springfield 0 - Baffin Island 0
TOP OF THE 2ND
Springfield Stars batting - Pitching for Baffin Island Beavers : RHP Robert Reeves
Batting: LHB Felipe Guerrero 0-0: Ball
1-0: Fly out, F8 (Flyball, 8LD)
Batting: LHB Elliott Newell 0-0: SOLO HOME RUN (Flyball, 7D), Distance : 431 ft
Batting: SHB Shane Hutchinson 0-0: SINGLE (Groundball, 34S) (infield hit)
Batting: LHB Jesús Tobías 0-0: Ball
1-0: Swinging Strike
1-1: Ball
2-1: Foul Ball, location: 2F
2-2: Strikes out swinging
Batting: RHB Juan Carlos Rodríguez 0-0: Ball
1-0: Called Strike
1-1: Fly out, F9 (Flyball, 9LDF)
Top of the 2nd over - 1 run(s), 2 hit(s), 0 error(s), 1 left on base; Springfield 1 - Baffin Island 0
BOTTOM OF THE 2ND
Baffin Island Beavers batting - Pitching for Springfield Stars : LHP Brock Morris
Batting: LHB Norberto Muńóz 0-0: Called Strike
0-1: Ball
1-1: Foul Ball, location: 2F
1-2: Ball
2-2: Ball
3-2: Fly out, F7 (Flyball, 78S)
Batting: LHB Lorenzo Villa 0-0: Ball
1-0: Ball
2-0: Called Strike
2-1: Foul Ball, location: 2F
2-2: Strikes out swinging
Batting: LHB Keng-chi Lao 0-0: Called Strike
0-1: Ball
1-1: Swinging Strike
1-2: Ground out 5-3 (Groundball, 2L)
Bottom of the 2nd over - 0 run(s), 0 hit(s), 0 error(s), 0 left on base; Springfield 1 - Baffin Island 0
TOP OF THE 3RD
Springfield Stars batting - Pitching for Baffin Island Beavers : RHP Robert Reeves
Batting: RHB Will Sterling 0-0: Ground out 6-3 (Groundball, 6)
Batting: RHB Calvin Bennett 0-0: Ball
1-0: Ball
2-0: Called Strike
2-1: Foul Ball, location: 2F
2-2: Fly out, F7 (Line Drive, 78M)
Batting: RHB Juan Rodríguez 0-0: Called Strike
0-1: Ball
1-1: DOUBLE (Groundball, 5L)
Batting: LHB Derek Davidson Balk!
Juan Rodríguez to third
0-0: Called Strike
0-1: Swinging Strike
0-2: Ball
1-2: Ball
2-2: Strikes out swinging
Top of the 3rd over - 0 run(s), 1 hit(s), 0 error(s), 1 left on base; Springfield 1 - Baffin Island 0
BOTTOM OF THE 3RD
Baffin Island Beavers batting - Pitching for Springfield Stars : LHP Brock Morris
Batting: RHB Raúl Soto 0-0: Ball
1-0: Foul Ball, location: 2F
1-1: Ground out 5-3 (Groundball, 25)
Batting: LHB Mike MacFadden 0-0: Swinging Strike
0-1: Foul Ball, location: 2F
0-2: Ball
1-2: Ground out 4-3 (Groundball, 34)
Batting: LHB Chris Bates 0-0: Ball
1-0: Ball
2-0: Called Strike
2-1: Fly out, F7 (Flyball, 78S)
Bottom of the 3rd over - 0 run(s), 0 hit(s), 0 error(s), 0 left on base; Springfield 1 - Baffin Island 0
TOP OF THE 4TH
Springfield Stars batting - Pitching for Baffin Island Beavers : RHP Robert Reeves
Batting: LHB Felipe Guerrero 0-0: Ball
1-0: Foul Ball, location: 2F
1-1: Foul Ball, location: 2F
1-2: Foul Ball, location: 2F
1-2: Foul Ball, location: 2F
1-2: Ball
2-2: Foul Ball, location: 2F
2-2: Foul Ball, location: 2F
2-2: Ground out U3 (Groundball, 34)
Batting: LHB Elliott Newell 0-0: SOLO HOME RUN (Line Drive, 9D), Distance : 437 ft
Batting: SHB Shane Hutchinson 0-0: Ball
1-0: Foul Ball, location: 2F
1-1: Ball
2-1: Called Strike
2-2: Foul Ball, location: 2F
2-2: Foul Ball, location: 2F
2-2: Ball
3-2: Base on Balls
Batting: LHB Jesús Tobías 0-0: Ball
1-0: Called Strike
1-1: Swinging Strike
1-2: Ball
2-2: Strikes out swinging
Batting: RHB Juan Carlos Rodríguez 0-0: Ball
1-0: Called Strike
1-1: Foul Ball, location: 2F
1-2: Ground out 5-3 (Groundball, 5)
Top of the 4th over - 1 run(s), 1 hit(s), 0 error(s), 1 left on base; Springfield 2 - Baffin Island 0
BOTTOM OF THE 4TH
Baffin Island Beavers batting - Pitching for Springfield Stars : LHP Brock Morris
Batting: SHB Alonso Ferreira 0-0: Called Strike
0-1: Foul Ball, location: 2F
0-2: Ball
1-2: Foul Ball, location: 2F
1-2: Ball
2-2: Ground out 2-3 (Groundball, 2R)
Batting: LHB Javier Orozco 0-0: Called Strike
0-1: Foul Ball, location: 2F
0-2: Ball
1-2: Ball
2-2: Reached on error, E4 (Groundball, 4D)
Batting: RHB Dave Craig 0-0: Ball
1-0: Ball
2-0: Foul Ball, location: 2F
2-1: Ball
3-1: Fly out, F5 (Line Drive, 56S)
Batting: LHB Norberto Muńóz 0-0: Ball
Javier Orozco is caught stealing 2nd base
Bottom of the 4th over - 0 run(s), 0 hit(s), 1 error(s), 0 left on base; Springfield 2 - Baffin Island 0
TOP OF THE 5TH
Springfield Stars batting - Pitching for Baffin Island Beavers : RHP Robert Reeves
Batting: RHB Will Sterling 0-0: Called Strike
0-1: Foul Ball, location: 2F
0-2: Hit by Pitch
Batting: RHB Calvin Bennett 0-0: Called Strike
0-1: Foul Ball, location: 2F
0-2: Ball
1-2: Ball
2-2: Foul Ball, location: 2F
2-2: Strikes out swinging
Batting: RHB Juan Rodríguez 0-0: Called Strike
0-1: Swinging Strike
0-2: Ball
1-2: Foul Ball, location: 2F
1-2: Ball
2-2: Ball
3-2: Strikes out swinging
Batting: LHB Derek Davidson 0-0: Foul Ball, location: 2F
0-1: Swinging Strike
0-2: Ball
1-2: Strikes out swinging
Top of the 5th over - 0 run(s), 0 hit(s), 0 error(s), 1 left on base; Springfield 2 - Baffin Island 0
BOTTOM OF THE 5TH
Baffin Island Beavers batting - Pitching for Springfield Stars : LHP Brock Morris
Batting: LHB Norberto Muńóz 0-0: Called Strike
0-1: Called Strike
0-2: Strikes out swinging
Batting: LHB Lorenzo Villa 0-0: SINGLE (Groundball, 34D)
Batting: LHB Keng-chi Lao 0-0: Ball
1-0: SINGLE (Groundball, 4D)
Lorenzo Villa to second
Runner from 2nd tries for 3rd, SAFE, throw made to third
Batting: RHB Raúl Soto 0-0: Ball
Keng-chi Lao steals 2nd base
1-0: Ball
2-0: Ball
3-0: Base on Balls
Batting: LHB Mike MacFadden 0-0: Ball
1-0: Called Strike
1-1: Swinging Strike
1-2: Foul Ball, location: 2F
1-2: Ball
2-2: Foul Ball, location: 2F
2-2: SINGLE (Line Drive, 4MD)
Lorenzo Villa scores
Keng-chi Lao to third
Raúl Soto to second
Batting: LHB Chris Bates 0-0: Ball
1-0: Ball
2-0: Called Strike
2-1: Swinging Strike
2-2: Foul Ball, location: 2F
2-2: Foul Ball, location: 2F
2-2: Foul Ball, location: 2F
2-2: Fly out, F7 (Flyball, 7D)
Runner from 3rd tags up, SCORES, no throw
Batting: SHB Alonso Ferreira 0-0: Called Strike
0-1: Ball
1-1: Ball
2-1: Ball
3-1: SINGLE (Flyball, 8LS)
Raúl Soto to third
Mike MacFadden to second
Runner from 3rd tries for Home, SAFE, no throw
Batting: LHB Javier Orozco 0-0: Ground out 3-1 (Groundball, 34)
Bottom of the 5th over - 3 run(s), 4 hit(s), 0 error(s), 2 left on base; Springfield 2 - Baffin Island 3
TOP OF THE 6TH
Springfield Stars batting - Pitching for Baffin Island Beavers : RHP Robert Reeves
Batting: LHB Felipe Guerrero 0-0: Foul Ball, location: 2F
0-1: Ball
1-1: Foul Ball, location: 2F
1-2: Fly out, F8 (Flyball, 8LS)
Batting: LHB Elliott Newell 0-0: Called Strike
0-1: Foul Ball, location: 2F
0-2: Strikes out looking
Batting: SHB Shane Hutchinson 0-0: Called Strike
0-1: SINGLE (Groundball, 4MD)
Pitching: RHP Luis Féliz
Batting: LHB Jesús Tobías 0-0: Ball
1-0: Foul Ball, location: 2F
1-1: DOUBLE (Line Drive, 89M)
Shane Hutchinson to third
Batting: RHB Juan Carlos Rodríguez 0-0: Ball
1-0: Ball
2-0: Called Strike
2-1: Foul Ball, location: 2F
2-2: Ball
3-2: Strikes out swinging
Top of the 6th over - 0 run(s), 2 hit(s), 0 error(s), 2 left on base; Springfield 2 - Baffin Island 3
BOTTOM OF THE 6TH
Baffin Island Beavers batting - Pitching for Springfield Stars : LHP Brock Morris
Pitching: RHP José Valdéz
Batting: RHB Dave Craig 0-0: Ball
1-0: Foul Ball, location: 2F
1-1: Called Strike
1-2: Ball
2-2: Foul Ball, location: 2F
2-2: Ball
3-2: Foul Ball, location: 2F
3-2: Ground out 5-3 (Groundball, 56)
Batting: LHB Norberto Muńóz 0-0: Ball
1-0: Ball
2-0: Foul Ball, location: 2F
2-1: Ball
3-1: Foul Ball, location: 2F
3-2: Foul Ball, location: 2F
3-2: Ground out 6-3 (Groundball, 6)
Batting: LHB Lorenzo Villa 0-0: Ball
1-0: Called Strike
1-1: Ground out 4-3 (Groundball, 34)
Bottom of the 6th over - 0 run(s), 0 hit(s), 0 error(s), 0 left on base; Springfield 2 - Baffin Island 3
TOP OF THE 7TH
Springfield Stars batting - Pitching for Baffin Island Beavers : RHP Luis Féliz
Batting: RHB Will Sterling 0-0: Called Strike
0-1: Ball
1-1: Ball
2-1: Foul Ball, location: 2F
2-2: Foul Ball, location: 2F
2-2: Ball
3-2: Base on Balls
Batting: RHB Calvin Bennett 0-0: Foul Ball, location: 2F
0-1: Swinging Strike
0-2: Strikes out swinging
Batting: RHB Juan Rodríguez 0-0: Ball
1-0: Ball
2-0: Foul Ball, location: 2F
2-1: Grounds into double play, 6-4-3 (Groundball, 6)
Top of the 7th over - 0 run(s), 0 hit(s), 0 error(s), 0 left on base; Springfield 2 - Baffin Island 3
BOTTOM OF THE 7TH
Baffin Island Beavers batting - Pitching for Springfield Stars : RHP José Valdéz
Pitching: LHP Shan Liu
Batting: LHB Keng-chi Lao 0-0: Ground out 4-3 (Groundball, 4)
Batting: RHB Raúl Soto 0-0: Swinging Strike
0-1: Swinging Strike
0-2: Fly out, F8 (Flyball, 8RS)
Batting: LHB Mike MacFadden 0-0: Called Strike
0-1: Foul Ball, location: 2F
0-2: Ball
1-2: Strikes out swinging
Bottom of the 7th over - 0 run(s), 0 hit(s), 0 error(s), 0 left on base; Springfield 2 - Baffin Island 3
TOP OF THE 8TH
Springfield Stars batting - Pitching for Baffin Island Beavers : RHP Luis Féliz
Batting: LHB Derek Davidson 0-0: Ball
1-0: Foul Ball, location: 2F
1-1: Foul Ball, location: 2F
1-2: Ball
2-2: Ball
3-2: Foul Ball, location: 2F
3-2: Foul Ball, location: 2F
3-2: Base on Balls
Pitching: RHP António Ramos
Batting: LHB Felipe Guerrero 0-0: Ball
1-0: Foul Ball, location: 2F
1-1: Swinging Strike
1-2: Ball
2-2: Fly out, F2 (Popup, 34S)
Pitching: RHP Junior Mateo
Batting: LHB Elliott Newell 0-0: Ball
1-0: Ball
2-0: Ball
3-0: Base on Balls
Derek Davidson to second
Batting: SHB Shane Hutchinson 0-0: Ball
1-0: Ball
2-0: Ball
3-0: Base on Balls
Derek Davidson to third
Elliott Newell to second
Batting: LHB Jesús Tobías 0-0: Foul Ball, location: 2F
0-1: Foul Ball, location: 2F
0-2: Ball
1-2: Grounds into fielders choice 4-2 (Groundball, 4)
Elliott Newell to third
Shane Hutchinson to second
Pinch Hitting: LHB Ryan Drake 0-0: Ball
1-0: DOUBLE (Groundball, 5L)
Elliott Newell scores
Shane Hutchinson scores
Jesús Tobías to third
Runner from 3rd tries for Home, SAFE, no throw
Pitching: RHP Colm Stewart
Batting: RHB Will Sterling 0-0: Foul Ball, location: 2F
0-1: Called Strike
0-2: Ground out 3-1 (Groundball, 34)
Top of the 8th over - 3 run(s), 1 hit(s), 0 error(s), 1 left on base; Springfield 5 - Baffin Island 3
BOTTOM OF THE 8TH
Baffin Island Beavers batting - Pitching for Springfield Stars : LHP Shan Liu
Pitching: RHP Jorge Delgado
Now at SS: David García
Batting: LHB Chris Bates 0-0: Ground out 4-3 (Groundball, 34)
Batting: SHB Alonso Ferreira 0-0: Swinging Strike
0-1: Ball
1-1: Ball
2-1: SINGLE (Groundball, 2L) (infield hit)
Batting: LHB Javier Orozco 0-0: Called Strike
0-1: Ball
1-1: Swinging Strike
1-2: DOUBLE (Groundball, 3L)
Alonso Ferreira to third
Pitching: RHP Luis Cortéz
Batting: RHB Dave Craig 0-0: Called Strike
0-1: Called Strike
0-2: Foul Ball, location: 2F
0-2: Foul Ball, location: 2F
0-2: Ball
1-2: Ball
2-2: Strikes out swinging
Pitching: RHP Yajirobei Endo
Batting: LHB Norberto Muńóz 0-0: Called Strike
0-1: Ground out 3-1 (Groundball, 34S)
Bottom of the 8th over - 0 run(s), 2 hit(s), 0 error(s), 2 left on base; Springfield 5 - Baffin Island 3
TOP OF THE 9TH
Springfield Stars batting - Pitching for Baffin Island Beavers : RHP Colm Stewart
Batting: RHB Calvin Bennett 0-0: Foul Ball, location: 2F
0-1: Called Strike
0-2: Fly out, F9 (Flyball, 9LS)
Batting: RHB Juan Rodríguez 0-0: Swinging Strike
0-1: SINGLE (Groundball, 56D)
Batting: LHB Derek Davidson 0-0: Called Strike
0-1: Fly out, F9 (Line Drive, 89D)
Batting: LHB Felipe Guerrero 0-0: Called Strike
0-1: Called Strike
0-2: Foul Ball, location: 2F
0-2: Strikes out swinging
Top of the 9th over - 0 run(s), 1 hit(s), 0 error(s), 1 left on base; Springfield 5 - Baffin Island 3
BOTTOM OF THE 9TH
Baffin Island Beavers batting - Pitching for Springfield Stars : RHP Yajirobei Endo
Pitching: LHP Jorge Aybar
Batting: LHB Lorenzo Villa 0-0: Called Strike
0-1: Foul Ball, location: 2F
0-2: Strikes out swinging
Batting: LHB Keng-chi Lao 0-0: Ball
1-0: Fly out, F7 (Flyball, 7LS)
Batting: RHB Raúl Soto 0-0: Called Strike
0-1: Ball
1-1: Ball
2-1: Ball
3-1: Foul Ball, location: 2F
3-2: Base on Balls
Pinch Hitting: RHB Mario López 0-0: Called Strike
0-1: Called Strike
0-2: Strikes out swinging
Bottom of the 9th over - 0 run(s), 0 hit(s), 0 error(s), 1 left on base; Springfield 5 - Baffin Island 3
Thursday, March 30th, 2017 - OOTP Baseball 17.12 Build 75